 Dungeon Crawl Stone Soup version 0.17.0-28-g6e173f8 (webtiles) character file.

14366 homeworkjunkie the Covert (level 11, -7/56 HPs)
             Began as a Spriggan Assassin on Nov 23, 2015.
             Was a High Priest of Okawaru.
             Killed from afar by a gargoyle (20 damage)
             ... with a stone arrow
             ... on level 11 of the Dungeon.
             The game lasted 00:47:49 (13322 turns).

homeworkjunkie the Covert (Spriggan Assassin)      Turns: 13322, Time: 00:47:49

Health: -7/56      AC:  9    Str:  7    XL:     11   Next: 87%
Magic:  16/16      EV: 31    Int: 13    God:    Okawaru [*****.]
Gold:   153        SH:  0    Dex: 21    Spells: 2 memorised, 7 levels left

rFire  . . .     SeeInvis +     q - +3 hunting sling (freeze)
rCold  . . .     Clarity  .     M - +2 robe {MR+}
rNeg   . . .     SustAt   .     (shield restricted)
rPois  .         Gourm    .     (helmet restricted)
rElec  .         Spirit   .     d - +2 cloak
rCorr  .         Warding  .     (gloves unavailable)
rMut   .         Stasis   .     (boots unavailable)
MR     +++..                    v - amulet of regeneration
Stlth  +++++++...               F - ring of protection from magic
                                A - +2 ring of protection

@: very quick, extremely resistant to hostile enchantments, extremely stealthy
A: unfitting armour, see invisible, herbivore 3, speed 3, slow metabolism 2
a: Heroism, Finesse, Renounce Religion


You were on level 11 of the Dungeon.
You worshipped Okawaru.
Okawaru was extremely pleased with you.
You were full.

You visited 3 branches of the dungeon, and saw 16 of its levels.
You also visited: Labyrinth and Ossuary.

You collected 733 gold pieces.
You spent 580 gold pieces at shops.

Inventory:

Hand Weapons
 a - a +6 short sword of holy wrath
 b - a +0 blowgun
 q - a +3 hunting sling of freezing (weapon)
Missiles
 e - 81 poisoned needles
 f - 2 curare-tipped needles
 l - 9 tomahawks
 m - 98 sling bullets (quivered)
 t - 52 silver sling bullets
 H - 10 sling bullets of flame
 K - 2 needles of sleeping
 P - 9 sling bullets of frost
Armour
 c - a +2 robe of cold resistance
 d - a +2 cloak (worn)
 M - a +2 robe of magic resistance (worn)
Jewellery
 r - an uncursed ring of flight
 v - an amulet of regeneration (around neck)
 A - a +2 ring of protection (left hand)
 F - a ring of protection from magic (right hand)
 I - an uncursed ring of protection from cold
Wands
 j - a wand of paralysis (15)
 p - a wand of slowing (17)
 C - a wand of lightning (7)
 J - a wand of draining (8)
 L - a wand of enslavement (11)
 O - a wand of fireball (11)
 X - a wand of cold (8)
Scrolls
 n - a scroll of recharging
 x - 6 scrolls of remove curse
 y - 4 scrolls of fear
 D - 6 scrolls of blinking
 E - 3 scrolls of teleportation
 T - a scroll of amnesia
 V - 3 scrolls of fog
 W - a scroll of silence
Potions
 h - 3 potions of mutation
 i - 3 potions of brilliance
 k - a potion of ambrosia
 o - 5 potions of curing
 s - a potion of agility {unknown}
 u - a potion of cure mutation {unknown}
 w - a potion of resistance {unknown}
 z - 3 potions of haste
 B - 2 potions of berserk rage
 G - a potion of lignification
 Q - a potion of might {unknown}
 R - a potion of cancellation {unknown}
Books
 Y - the Guide on Conjuration
   (You found it in a labyrinth)

   Spells                             Type                      Level
   a - Magic Dart                     Conjuration                  1
   b - Flame Tongue                   Conjuration/Fire             1
   c - Fireball                       Conjuration/Fire             5
Comestibles
 g - 5 bread rations
 S - 2 royal jellies
 U - a slice of pizza


   Skills:
 * Level 5.3 Fighting
 * Level 7.4 Short Blades
 * Level 10.0(11.2) Slings
 * Level 7.1(8.9) Throwing
 * Level 12.7 Dodging
 * Level 14.1 Stealth
 + Level 0.2 Spellcasting
 + Level 0.1 Conjurations
 + Level 0.1 Earth Magic
 * Level 5.7 Evocations


You had 7 spell levels left.
You knew the following spells:

 Your Spells              Type           Power        Failure   Level  Hunger
a - Stoneskin             Trmt/Erth      #.......     47%         2    ###....
b - Flame Tongue          Conj/Fire      #....        30%         1    ##.....


Dungeon Overview and Level Annotations

Branches:
Dungeon (13/15)            Temple (1/1) D:6            Lair (2/8) D:9
    Orc (0/4) D:11
 Vaults: D:13-14

Altars:
Dithmenos
Fedhas
Gozag
Kikubaaqudgha
Makhleb
Okawaru
Qazlal
Ru
Sif Muna
Vehumet
Yredelemnul
The Shining One

Shops:
D:5 ?   D:9 (   D:11 *

Annotations:
D:12 Josephine


Innate Abilities, Weirdness & Mutations

You are tiny and cannot use many weapons and most armour.
You have supernaturally acute eyesight.
You are a herbivore.
You cover ground extremely quickly.
You need consume almost no food.


Message History

* * * LOW HITPOINT WARNING * * *
You are too injured to fight recklessly!
You are too injured to fight recklessly!
Throwing (i - inventory):
l - 10 tomahawks (quivered)
Press: ? - help, Shift-Dir - straight line, f/p - gargoyle
Aim: a gargoyle, wielding a morningstar of protection (severely damaged)
You throw a tomahawk.
The tomahawk hits the gargoyle but does no damage.
The gargoyle is severely damaged.
Throwing (i - inventory):
l - 9 tomahawks (quivered)
Press: ? - help, Shift-Dir - straight line
Okay, then.
Unknown command.
Wield which item (- for none, * to show all)? (? for menu, Esc to quit)
Your +6 short sword of holy wrath stops glowing.
It is covered in frost.
q - a +3 hunting sling of freezing (weapon)
The gargoyle hurls a stone arrow at you.
The stone arrow hits you!
You die...

#.....<..).........######..
###.#######..######.))[....
#(#### #..# #[#####..
#.(((# #.#######....)...
#(# #.[†.))))[...#### #(#
#.#######.##).# #(# ##..).#
#.###.#
#(###...#'########'##
#(##.@..#)).# #...##
#.#...[.[[8.# #.8...
#9......#)..## ##...#.
#.......##.#[###'#.###
#.......##.##...##.##.
#.......##.##.>.##.###
####....##.##...##.# #
##...##.#'###'#.###
###.#...#####.[.##


You could see a gargoyle.

Vanquished Creatures
  A minotaur (Lab)
  The ghost of Alethiolet the Grappler, a novice TrWn of Ashenzari (D:9)
  An unseen horror (Lab)
  2 hill giants (D:11)
  Pikel (D:8)
  A gargoyle (D:11)
  2 komodo dragons (Lair:1)
  2 two-headed ogres
  2 trolls
  2 trapdoor spiders (Lab)
  A wyvern (D:8)
  The ghost of homeworkjunkie the Covert, an amateur SpAs (D:4)
  5 yaks
  5 hungry ghosts
  4 vampire mosquitoes (D:12)
  3 hippogriffs
  A mottled dragon (D:11)
  A soldier ant (D:10)
  A water moccasin (Lair:1)
  2 ice beasts
  A porcupine (Lair:1)
  A sky beast (D:7)
  2 wasps
  6 orc warriors
  3 phantoms
  A black bear (D:9)
  5 ogres
  8 centaurs
  A big kobold (D:10)
  6 giant frogs
  5 water moccasin zombies (Ossuary)
  7 scorpions
  6 killer bees (D:10)
  5 wights
  3 giant frog zombies
  4 crimson imps
  3 jellies
  8 orc priests
  An electric eel (D:10)
  19 orc wizards
  Ijyb (D:3)
  A centaur skeleton (D:5)
  3 hounds
  2 iguanas
  A giant frog skeleton (D:4)
  10 worker ants
  5 big kobold zombies (Ossuary)
  A hound zombie (D:11)
  3 worker ant zombies
  A hound skeleton (D:6)
  2 mummies (Ossuary)
  18 adders
  A gnoll (D:1)
  2 shadow imps (D:9)
  2 oozes
  An adder skeleton (D:10)
  8 adder zombies
  2 worms
  12 giant geckos
  77 orcs
  A ball python (D:1)
  5 giant cockroaches
  8 goblins
  7 hobgoblins
  12 kobolds
  7 quokkas
  A ball python skeleton (D:5)
  4 bats (D:1)
  A giant gecko zombie (D:5)
  5 giant newts
  A goblin skeleton (D:4)
  A goblin zombie (D:4)
  16 hobgoblin zombies
  4 kobold skeletons (D:4)
  5 kobold zombies (Ossuary)
  3 quokka skeletons
  A quokka zombie (D:8)
  9 rats
  A fungus (D:9)
379 creatures vanquished.

Vanquished Creatures (others)
  An orc priest (D:8)
  An orc wizard (D:8)
  A shadow imp (D:8)
  A bush (Lair:1)
  A plant (Lair:1)
5 creatures vanquished.

Grand Total: 384 creatures vanquished

Notes
Turn   | Place    | Note
--------------------------------------------------------------
     0 | D:1      | homeworkjunkie the Spriggan Assassin began the quest for the Orb.
     0 | D:1      | Reached XP level 1. HP: 10/10 MP: 2/2
    39 | D:1      | Reached skill level 6 in Stealth
    82 | D:1      | Reached XP level 2. HP: 9/14 MP: 3/3
   288 | D:2      | Reached skill level 7 in Stealth
   369 | D:1      | Reached XP level 3. HP: 18/18 MP: 4/4
   900 | D:1      | Reached XP level 4. HP: 23/23 MP: 5/5
  1679 | D:3      | Reached skill level 8 in Stealth
  1698 | D:3      | Reached XP level 5. HP: 19/26 MP: 6/6
  1763 | D:4      | Noticed a phantom
  2083 | D:3      | Noticed Ijyb
  2141 | D:3      | Killed Ijyb
  2277 | D:3      | Reached skill level 1 in Slings
  2277 | D:3      | Reached XP level 6. HP: 30/30 MP: 7/7
  2336 | D:4      | Found a glowing golden altar of the Shining One.
  2734 | D:4      | Noticed homeworkjunkie's ghost (amateur SpAs)
  2791 | D:3      | Killed a phantom
  2992 | D:4      | Killed homeworkjunkie's ghost
  2992 | D:4      | Reached skill level 5 in Dodging
  2992 | D:4      | Reached skill level 9 in Stealth
  2992 | D:4      | Reached XP level 7. HP: 29/35 MP: 8/8
  3220 | D:5      | Entered Level 5 of the Dungeon
  3314 | D:4      | Learned a level 2 spell: Stoneskin
  3624 | D:5      | Found an iron altar of Okawaru.
  3786 | D:5      | Became a worshipper of Warmaster Okawaru
  3792 | D:5      | Reached XP level 8. HP: 39/39 MP: 9/9
  4317 | D:5      | Found a sacrificial altar of Ru.
  4398 | D:7      | Reached skill level 10 in Stealth
  4463 | D:7      | Reached * piety under Okawaru
  4696 | D:7      | Found a sand-covered staircase.
  4708 | Ossuary  | Entered an ossuary
  4758 | Ossuary  | Reached skill level 5 in Slings
  4824 | Ossuary  | Reached skill level 11 in Stealth
  4850 | Ossuary  | Reached XP level 9. HP: 44/44 MP: 10/10
  4887 | Ossuary  | Reached skill level 5 in Throwing
  4981 | D:7      | Reached skill level 5 in Short Blades
  5015 | D:6      | Found a staircase to the Ecumenical Temple.
  5019 | Temple   | Entered the Ecumenical Temple
  5241 | D:6      | Found a basalt altar of Yredelemnul.
  5598 | D:5      | Found Newurext's Magic Scroll Emporium.
  5630 | D:5      | Bought a scroll of identify for 26 gold pieces
  5630 | D:5      | Bought a scroll of enchant armour for 97 gold pieces
  5630 | D:5      | Bought a scroll of enchant weapon for 97 gold pieces
  5630 | D:5      | Bought a scroll of blinking for 97 gold pieces
  6214 | D:6      | Reached ** piety under Okawaru
  6689 | D:7      | Found a deep blue altar of Sif Muna.
  7090 | D:8      | Reached skill level 12 in Stealth
  7090 | D:8      | Reached skill level 1 in Evocations
  7120 | D:8      | Noticed Pikel
  7176 | D:8      | Killed Pikel
  7176 | D:8      | Reached *** piety under Okawaru
  7339 | D:9      | Found an ancient bone altar of Kikubaaqudgha.
  7355 | D:9      | Noticed Alethiolet's ghost (novice TrWn)
  7382 | D:9      | Killed Alethiolet's ghost
  7382 | D:9      | Reached **** piety under Okawaru
  7382 | D:9      | Reached XP level 10. HP: 25/50 MP: 12/12
  7457 | D:9      | Found an opulent altar of Gozag.
  7465 | D:9      | Reached skill level 10 in Dodging
  7658 | D:8      | Received a gift from Okawaru
  7666 | D:8      | Noticed a two-headed ogre
  7692 | D:8      | Killed a two-headed ogre
  7947 | D:10     | Entered Level 10 of the Dungeon
  8086 | D:9      | Found a staircase to the Lair.
  8097 | D:9      | Received a gift from Okawaru
  8244 | D:9      | Reached ***** piety under Okawaru
  8358 | Lair:1   | Entered Level 1 of the Lair of Beasts
  9098 | D:11     | Noticed a hill giant
  9101 | D:11     | Killed a hill giant
  9101 | D:11     | Reached skill level 13 in Stealth
  9369 | D:9      | Found a burning altar of Makhleb.
  9639 | D:9      | Found an opulent altar of Gozag.
  9762 | D:9      | Found Topiu's Weapon Shoppe.
  9765 | D:9      | Bought 11 poisoned needles for 57 gold pieces
  9765 | D:9      | Bought 17 sling bullets for 110 gold pieces
  9976 | D:10     | Reached XP level 11. HP: 47/54 MP: 15/15
 10453 | D:12     | Received a gift from Okawaru
 10632 | D:12     | Found a labyrinth entrance.
 10641 | Lab      | Entered a labyrinth
 10851 | Lab      | Noticed an unseen horror
 10856 | Lab      | Killed an unseen horror
 10856 | Lab      | Reached skill level 5 in Fighting
 11470 | Lab      | Noticed a minotaur
 11573 | Lab      | Killed a minotaur
 11573 | Lab      | Received a gift from Okawaru
 11573 | Lab      | Reached skill level 5 in Evocations
 11680 | Lab      | Identified the Guide on Conjuration
 11683 | Lab      | Identified a -3 rod of destruction (9/9) (You found it on level 9 of the Dungeon)
 11886 | D:12     | Noticed Josephine
 12118 | Lair:1   | Learned a level 1 spell: Flame Tongue
 12186 | Lair:1   | Received a gift from Okawaru
 12237 | Lair:1   | Reached skill level 14 in Stealth
 12729 | D:11     | Noticed a hill giant
 12813 | D:11     | Killed a hill giant
 12882 | D:11     | Reached skill level 10 in Slings
 12890 | D:11     | Found a staircase to the Orcish Mines.
 13009 | D:11     | Found Guby's General Store.
 13018 | D:11     | Bought 10 sling bullets for 60 gold pieces
 13018 | D:11     | Bought a scroll of teleportation for 36 gold pieces
 13322 | D:11     | Killed from afar by a gargoyle

Action                   |  1- 3 |  4- 6 |  7- 9 | 10-12 || total
-------------------------+-------+-------+-------+-------++-------
Melee: Dagger            |    81 |    49 |       |       ||   130
       Short sword       |       |   137 |   404 |   410 ||   951
 Fire: Blowgun           |     2 |    46 |    40 |    85 ||   173
       Hunting sling     |       |    62 |   130 |   215 ||   407
Throw: Tomahawk          |       |       |     2 |     1 ||     3
 Cast: Stoneskin         |       |       |     1 |       ||     1
       Flame Tongue      |       |       |       |     4 ||     4
Evoke: Wand              |       |       |     1 |    14 ||    15
  Use: Scroll            |       |    11 |    16 |     9 ||    36
       Potion            |       |     2 |       |     5 ||     7
 Stab: Sleeping          |    11 |    19 |    36 |    34 ||   100
       Distracted        |       |       |     6 |     3 ||     9
  Eat: Pizza             |       |     1 |       |     1 ||     2
       Royal jelly       |       |     1 |       |       ||     1
       Fruit             |       |       |     4 |       ||     4
       Bread ration      |       |       |       |     2 ||     2
